 Dungeon Crawl Stone Soup version 0.21-a0-221-gfe971b9 (webtiles) character file.

2144 KristoblXynda the Charlatan (level 9, 0/64 HPs)
             Began as a Purple Draconian Artificer on Aug 26, 2017.
             Was an Initiate of Ashenzari.
             Slain by Prince Ribbit (8 damage)
             ... on level 6 of the Dungeon.
             The game lasted 00:19:26 (8140 turns).

KristoblXynda the Charlatan (DrAr)                  Turns: 8140, Time: 00:19:27

Health: 0/64       AC:  9    Str: 15    XL:     9   Next: 9%
Magic:  9/16       EV: 13    Int: 15    God:    Ashenzari [......]
Gold:   333        SH:  0    Dex: 11    Spells: 13/18 levels left

rFire    . . .     SeeInvis .   p - +3 dagger (holy)
rCold    . . .     Gourm    .   (no shield)
rNeg     . . .     Faith    .   (armour unavailable)
rPois    .         Spirit   .   (helmet restricted)
rElec    .         Reflect  .   (no cloak)
rCorr    .         Harm     .   h - +1 pair of gloves (curse)
MR       +....                  (no boots)
Stlth    +++.......             (no amulet)
HPRegen  0.20/turn              (no ring)
MPRegen  0.15/turn              (no ring)

@: no status effects
A: breathe power, unfitting armour, cold-blooded, AC +7
a: Breathe Dispelling Energy, Curse Item, Renounce Religion


You were on level 6 of the Dungeon.
You worshipped Ashenzari.
Ashenzari was noncommittal.
You were not hungry.

You visited 2 branches of the dungeon, and saw 7 of its levels.

You collected 333 gold pieces.

Inventory:

Hand Weapons
 p - a +3 dagger of holy wrath (weapon)
 v - a +1 war axe of freezing
 B - a +0 hand axe of flaming
Armour
 h - a cursed +1 pair of gloves (worn)
Wands
 b - a wand of flame (10/48)
 c - a wand of enslavement (11/24)
 d - a wand of random effects (3/48)
 q - a wand of scattershot (1/9)
Scrolls
 a - 2 scrolls of remove curse
 j - a scroll of amnesia
 w - 3 scrolls of fog
 y - a scroll of blinking
Potions
 e - a potion of degeneration {unknown}
 i - a potion of resistance
 k - a potion of flight
 l - a potion of haste
 n - a potion of cancellation
 o - a potion of invisibility
 r - a potion of mutation
Books
 z - a book of Maledictions

   Spells                             Type                      Level
   a - Corona                         Hexes                        1
   b - Ensorcelled Hibernation        Hexes/Ice                    2
   c - Confuse                        Hexes                        3
   d - Tukima's Dance                 Hexes                        3
   e - Dazzling Spray                 Conjuration/Hexes            3
Comestibles
 f - 3 bread rations
 g - 2 meat rations


   Skills:
 - Level 1.1 Fighting
 - Level 5.1 Short Blades
 - Level 3.0 Dodging
 + Level 5.9 Stealth
 + Level 5.0 Spellcasting
 + Level 5.7 Hexes
 - Level 6.0 Evocations


You had 13 spell levels left.
You knew the following spells:

 Your Spells              Type           Power        Failure   Level  Hunger
a - Ensorcelled Hibernat  Hex/Ice        ##....       8%          2    ##.....
b - Confuse               Hex            ###.....     4%          3    ###....


Dungeon Overview and Level Annotations

Branches:
Dungeon (6/15)             Temple (1/1) D:4

Altars:
Ashenzari
Dithmenos
Elyvilon
Fedhas
Gozag
Hepliaklqana
Kikubaaqudgha
Nemelex Xobeh
Okawaru
Qazlal
Sif Muna
Trog
Uskayaw
Wu Jian
Xom
Zin
The Shining One

Shops:
D:5 (

Annotations:
D:6 Prince Ribbit


Innate Abilities, Weirdness & Mutations

You can breathe bolts of dispelling energy.
Your rich purple scales are hard. (AC +7)
You cannot fit into any form of body armour.
You are cold-blooded and may be slowed by cold attacks.


Message History

Confirm with . or Enter, or press ? or * to list all spells.
Aiming: Confuse
Press: ? - help, Shift-Dir - straight line, f/p - Prince Ribbit
Aim: Prince Ribbit (lightly wounded, chance to defeat MR: 33%) Prince Ribbit appears confused.
Prince Ribbit misses you. Prince Ribbit hits you.
* * * LOW HITPOINT WARNING * * *
You hit Prince Ribbit.
Prince Ribbit is lightly wounded.
Prince Ribbit barely misses the slave.
You strike the helpless Prince Ribbit from behind!
You puncture Prince Ribbit!
Prince Ribbit is heavily wounded.
You hit Prince Ribbit.
Prince Ribbit is severely wounded.
Prince Ribbit closely misses the slave.
You closely miss Prince Ribbit.
Prince Ribbit is severely wounded.
Prince Ribbit hits you!
You die...

#..... . ##....#
.# P .....##.#..
.p........
......###
#........ #.#.# (
#.#.#########....
#.#..ZpF@......#
#.#..###########
#.#..# #....#
#.##..## #.##.##
#.##.# ########
#.##.#
##########..)....
#.##.#
#.........<......


You could see Prince Ribbit (confused), a slave and a centaur skeleton.

Vanquished Creatures
  Grinder (D:6)
  The ghost of zkyp the Cleaver, an amateur HOMo (D:4)
  Menkaure (D:5)
  Edmund (D:5)
  A water moccasin (D:6)
  A sky beast (D:5)
  3 phantoms
  2 bullfrogs (D:6)
  A scorpion (D:4)
  4 crimson imps
  A centaur zombie (D:5)
  A centaur skeleton (D:4)
  A hound (D:4)
  2 orc priests
  3 bullfrog skeletons
  An iguana (D:4)
  Ijyb (D:4)
  3 orc wizards
  4 worker ants
  The ghost of p0werm0de the Magician, a weakling DrWz (D:3)
  4 gnolls (D:5)
  16 adders
  A shadow imp (D:5)
  4 oozes
  2 adder skeletons (D:4)
  3 worms
  A dart slug (D:1)
  4 leopard geckos
  17 orcs
  A ball python (D:2)
  9 bats
  5 giant cockroaches
  10 goblins
  5 hobgoblins
  9 jackals (D:1)
  8 kobolds
  9 frilled lizards
  A quokka skeleton (D:4)
  10 rats
153 creatures vanquished.

Vanquished Creatures (collateral kills)
  An orc (D:3)
1 creature vanquished.

Vanquished Creatures (others)
  An orc (D:4)
1 creature vanquished.

Grand Total: 155 creatures vanquished

Notes
Turn   | Place    | Note
-------+----------+-------------------------------------------
     0 | D:1      | KristoblXynda the Draconian Artificer began the quest for the Orb.
     0 | D:1      | Reached XP level 1. HP: 16/16 MP: 3/3
     6 | D:1      | Noticed a ghoul
    12 | D:1      | Noticed a centaur
    97 | D:1      | Reached XP level 2. HP: 19/23 MP: 4/4
   282 | D:1      | Reached XP level 3. HP: 14/28 MP: 5/5
  1324 | D:2      | Reached XP level 4. HP: 35/35 MP: 6/6
  1326 | D:2      | Found a faded altar of an unknown god.
  1383 | D:2      | Reached skill level 4 in Evocations
  1867 | D:2      | Found a bloodstained altar of Trog.
  2543 | D:3      | Reached XP level 5. HP: 31/40 MP: 8/8
  2606 | D:3      | Noticed p0werm0de's ghost (weakling DrWz)
  2623 | D:3      | Killed p0werm0de's ghost
  2739 | D:3      | Reached skill level 1 in Stealth
  2925 | D:3      | Learned a level 2 spell: Ensorcelled Hibernation
  3202 | D:3      | Reached XP level 6. HP: 47/47 MP: 9/9
  3637 | D:4      | Noticed Ijyb
  3681 | D:4      | Killed Ijyb
  3681 | D:4      | Reached skill level 5 in Evocations
  3738 | D:4      | Found a shadowy altar of Dithmenos.
  3776 | D:4      | Found a staircase to the Ecumenical Temple.
  3804 | D:4      | Found a blossoming altar of Fedhas.
  3806 | D:4      | Found a shimmering altar of Xom.
  3806 | D:4      | Found a deep blue altar of Sif Muna.
  3808 | D:4      | Found a white marble altar of Elyvilon.
  3808 | D:4      | Found an opulent altar of Gozag.
  3808 | D:4      | Found a radiant altar of Vehumet.
  3977 | D:4      | Your scales start taking on a rich purple colour.
  3977 | D:4      | Reached skill level 6 in Evocations
  3977 | D:4      | Reached XP level 7. HP: 13/52 MP: 11/11
  3978 | D:4      | Noticed zkyp's ghost (amateur HOMo)
  4033 | D:4      | Found a glowing drain.
  4446 | D:4      | Killed zkyp's ghost
  4446 | D:4      | Reached skill level 1 in Hexes
  4624 | D:4      | Reached skill level 5 in Short Blades
  4953 | D:5      | Entered Level 5 of the Dungeon
  5074 | Temple   | Entered the Ecumenical Temple
  5173 | Temple   | Became a worshipper of Ashenzari the Shackled
  5189 | D:4      | Learned a level 3 spell: Confuse
  5379 | D:5      | Got the war axe "Mugimi" {antimagic, rN+ Int+3 Dex+3}
  5397 | D:5      | Found Tadaziemm's Weapon Shop.
  5451 | D:5      | Reached skill level 1 in Spellcasting
  5505 | D:5      | Noticed Menkaure
  6019 | D:5      | Reached XP level 8. HP: 43/59 MP: 12/12
  6239 | D:5      | Killed Menkaure
  6767 | D:5      | Noticed Edmund
  6909 | D:5      | Reached skill level 5 in Stealth
  7064 | D:5      | Killed Edmund
  7388 | D:6      | Reached skill level 5 in Hexes
  7436 | D:6      | Noticed Grinder
  7455 | D:6      | Paralysed by Grinder for 2 turns
  7470 | D:6      | Killed Grinder
  7558 | D:6      | Reached XP level 9. HP: 11/64 MP: 11/16
  8092 | D:6      | Reached skill level 5 in Spellcasting
  8116 | D:6      | Noticed Prince Ribbit
  8140 | D:6      | Slain by Prince Ribbit

Vault maps used:
D:1:      shiori_arrival_whats_in_store_for_you, minmay_heptomino_l4
D:2:      bloody_trog, first_bread, chequers_ecumenical_altar_island
D:4:      minmay_door_path, doesnt_xom_only_xom, temple_doors_e,
          gup_sewer_entry_glass, nicolae_dithmenos_shadow_blocks, uniq_ijyb
D:5:      serial_shops, nicolae_shop_temple_entry_statues_fountains,
          uniq_menkaure, uniq_edmund
D:6:      yredelemnul_altar_generic, uniq_pikel, uniq_sigmund,
          uniq_prince_ribbit1, uniq_grinder
Temple:   eino_temple_scatter_basement

Skill      XL: |  1  2  3  4  5  6  7  8  9 |
---------------+----------------------------+-----
Dodging        | 2 3 |  3.0
Short Blades   | 2 3 4 5 |  5.1
Evocations     | 4 6 |  6.0
Stealth        | 1 2 4 5 |  5.9
Hexes          | 3 5 |  5.7
Spellcasting   | 1 4 5 |  5.0
Fighting       | |  1.1

Action                   |  1- 3 |  4- 6 |  7- 9 || total
-------------------------+-------+-------+-------++-------
Melee: Short sword       |   135 |       |       ||   135
       Tailslap          |    10 |    27 |    38 ||    75
       Dagger            |     6 |   350 |   356 ||   712
 Cast: Ensorcelled Hiber |       |       |     1 ||     1
       Confuse           |       |       |    11 ||    11
Invok: Curse Item        |       |       |     1 ||     1
 Abil: Breathe Dispellin |       |       |     3 ||     3
Evoke: Wand              |     2 |     9 |    23 ||    34
  Use: Scroll            |       |    14 |     8 ||    22
       Potion            |       |       |     8 ||     8
 Stab: Sleeping          |     3 |     3 |     5 ||    11
       Paralysed         |     1 |       |       ||     1
       Confused          |       |       |     2 ||     2
  Eat: Chunk             |     1 |     9 |     5 ||    15
       Royal jelly       |       |       |     2 ||     2
       Fruit             |       |       |     4 ||     4
       Meat ration       |       |       |     1 ||     1
Armor: Skin              |    44 |    88 |    69 ||   201
Dodge: Dodged            |   115 |   191 |   174 ||   480

Table legend:
 A = Spawn XP
 B = Non-spawn XP
 C = Spawn XP percentage of total XP
 D = Spawn monster count
 E = Non-spawn monster count
 F = Spawn count percentage of total count
 G = Total turns spent on level
                    A         B        C        D         E        F      G
               +---------+---------+-------+---------+---------+-------+---------
         Total |     287 |    2777 |   9.4 |      19 |     136 |  12.3 |  8140
               +---------+---------+-------+---------+---------+-------+---------
           D:1 |       4 |      68 |   5.6 |       3 |      30 |   9.1 |  1037
           D:2 |       3 |      82 |   3.5 |       2 |      21 |   8.7 |  1167
           D:3 |       4 |     292 |   1.4 |       3 |      36 |   7.7 |  1246
           D:4 |      65 |     753 |   7.9 |       8 |      24 |  25.0 |  2085
           D:5 |     211 |     794 |  21.0 |       3 |      16 |  15.8 |  1724
           D:6 |       0 |     788 |   0.0 |       0 |       9 |   0.0 |   771
               +---------+---------+-------+---------+---------+-------+---------
